 Dungeon Crawl Stone Soup version 0.28-a0-1447-ga5a8893891 (webtiles) character file.

Game seed: 11753935196382498029

44 parzival7114810 the Skirmisher (level 3, -3/33 HPs)
             Began as a Hill Orc Fighter on Jan 11, 2022.
             Killed from afar by Natasha (5 damage)
             ... with a magic dart
             ... on level 2 of the Dungeon.
             The game lasted 00:04:51 (3284 turns).

parzival7114810 the Skirmisher (Hill Orc Fighter)   Turns: 3284, Time: 00:04:52

Health: -3/33      AC:  7    Str: 20    XL:     3   Next: 62%
Magic:  3/3        EV:  9    Int:  8    God:
Gold:   44         SH:  4    Dex: 10    Spells: 2/2 levels left

rFire   . . .      SeeInvis .   a - +0 war axe
rCold   . . .      Faith    .   c - +0 buckler
rNeg    . . .      Spirit   .   b - +0 scale mail
rPois   .          Reflect  .   (no helmet)
rElec   .          Harm     .   (no cloak)
rCorr   .          Rampage  .   (no gloves)
Will    .....                   (no boots)
Stlth   ..........              (no amulet)
HPRegen 0.11/turn               (no ring)
MPRegen 0.08/turn               (no ring)

@: slowed, very slow
A: no striking features
a: no special abilities


You were on level 2 of the Dungeon.
You visited 1 branch of the dungeon, and saw 2 of its levels.

You collected 44 gold pieces.

Inventory:

Hand Weapons
 a - a +0 war axe (weapon)
Armour
 b - a +0 scale mail (worn)
 c - a +0 buckler (worn)
Potions
 d - 2 potions of might
 e - 2 potions of heal wounds {unknown}
 f - a potion of brilliance {unknown}
 g - a potion of attraction {unknown}


   Skills:
 + Level 4.0 Fighting
 + Level 3.5 Axes
 + Level 3.7 Armour
 + Level 0.8 Dodging
 + Level 0.1 Stealth
 + Level 3.5 Shields


You had 2 spell levels left.
You didn't know any spells.
Your spell library contained the following spells:

 Spells                   Type           Power      Damage    Failure   Level
 Beastly Appendage        Tmut           0%         N/A       85%         1
 Static Discharge         Conj/Air       0%         N/A       94%         2
 Wereblood                Tmut           0%         N/A       94%         2
 Spider Form              Tmut/Pois      0%         N/A       99%         3
 Lightning Bolt           Conj/Air       0%         1d11      100%        5
 Maxwell's Capacitive Co  Air            0%         ∞         100%        8


Dungeon Overview and Level Annotations

Branches:
Dungeon (2/15)

Altars:
Hepliaklqana

Shops:
D:1 [

Annotations:
D:2 Natasha


Message History

Found a stone staircase leading down.
A kobold comes into view. It is wielding a +0 club.
Natasha, Servant of Life and Death comes into view.
Natasha hisses angrily.
Natasha casts a spell.
You block the kobold's attack.
You closely miss the kobold. You block the kobold's attack.
You block Natasha's attack.
You barely miss the kobold. You hit Natasha but do no damage.
The kobold hits you with a +0 club. Natasha casts a spell at you.
You feel yourself slow down. The kobold closely misses you.
You closely miss the kobold. You closely miss the white imp.
You barely miss Natasha. The white imp closely misses you.
Natasha casts a spell at you. The magic dart hits you.
The kobold hits you with a +0 club. The white imp gestures at you.
The puff of frost misses you. Natasha claws you. You block the kobold's attack.
The white imp gestures at you. The puff of frost hits you!
You closely miss the kobold. You barely miss the white imp. You slash Natasha!
Natasha casts a spell at you.
You feel as though you will be slow longer.
You block the kobold's attack. The white imp gestures at you.
The puff of frost hits you!
* * * LOW HITPOINT WARNING * * *
Natasha closely misses you. You block the kobold's attack.
The white imp gestures at you. The puff of frost hits you.
* * * LOW HITPOINT WARNING * * *
Natasha claws you but does no damage.
Natasha mumbles some strange words.
The crimson imp disappears for a moment.
The crimson imp blinks!
Natasha wildly gestures.
You feel disoriented. Natasha casts a spell at you. The magic dart hits you.
You die...

#.##.#..# #.##.#..#
#.##.#..# #.##.#..#
#.......# #
###..#.##.# .# #
#......##.# #.##
###.##.###..##.##§..##
#......# #..@h.K5....#
#.####.###..#####....#
#......######.#....
####..........# ###
#.#.###### # #.#.#
....# ##>### ..#


You could see Natasha, a white imp (summoned) and a kobold.

Vanquished Creatures
  An adder (D:2)
  2 dart slugs (D:2)
  An endoplasm (D:1)
  3 hobgoblins (D:1)
  3 jackals (D:2)
  3 quokkas (D:1)
  5 ball pythons
  4 bats
  A frilled lizard (D:2)
  2 kobolds
  4 rats
29 creatures vanquished.

Vanquished Creatures (others)
  10 plants
10 creatures vanquished.

Grand Total: 39 creatures vanquished

Notes
Turn   | Place    | Note
-------+----------+-------------------------------------------
     0 | D:1      | parzival7114810 the Hill Orc Fighter began the quest for
                  | the Orb.
     0 | D:1      | Reached XP level 1. HP: 19/19 MP: 1/1
   115 | D:1      | Found a faded altar of an unknown god.
   508 | D:1      | Reached XP level 2. HP: 25/27 MP: 2/2
   528 | D:1      | Found Tyuva's Armour Emporium.
  2133 | D:2      | Reached XP level 3. HP: 31/33 MP: 3/3
  2604 | D:2      | Found a hazy altar of Hepliaklqana.
  2966 | D:2      | Reached skill level 4 in Fighting
  3274 | D:2      | Noticed Natasha
  3280 | D:2      | HP: 1/33 [white imp/puff of frost[Natasha] (6)]
  3284 | D:2      | Killed from afar by Natasha

Illustrated notes

Levels and vault maps discovered:
D:1:      lightli_arrival_windingriver, layout_basic, serial_shops, shop,
          ebering_ecumenical_altar_abandoned, palyth_stone_intersect
D:2:      layout_loops_ring, basic_altar, serial_bayou_lake_a, uniq_natasha

Skill      XL: |  1  2  3 |
---------------+----------+-----
Axes           | 3 |  3.5
Fighting       | 4 |  4.0
Armour         | |  3.7
Dodging        | |  0.8
Stealth        | |  0.1
Shields        | |  3.5

Action                   || total
-------------------------++-------
Melee: War axe           ||   101
  Use: Scroll            ||     2
Armor: Scale mail        ||    88
Dodge: Dodged            ||    86
Block: Buckler           ||    48

Table legend: (Time is in decaauts)
 A = Elapsed time spent in this place.
 B = Non-inter-level travel time spent in this place.
 C = Inter-level travel time spent in this place.
 D = Time resting spent in this place.
 E = Time spent auto-exploring this place.
 F = Levels seen in this place.
 G = Mean time per level.
                   A        B        C        D        E       F      G
               +--------+--------+--------+--------+--------+-----+--------+
         Total |   3334 |   3334 |      0 |   2010 |    770 |   2 | 1667.0 |
       Dungeon |   3334 |   3334 |      0 |   2010 |    770 |   2 | 1667.0 |
               +--------+--------+--------+--------+--------+-----+--------+

Top non-repeatable levels by time:
     D:1: 2135 daAuts
     D:2: 1198 daAuts
